 Dungeon Crawl Stone Soup version 0.22.1-6-g1668fe2 (webtiles) character file.

63 Gingerlord the Skirmisher (level 3, 0/46 HPs)
             Began as a Draconian Skald on Jan 26, 2019.
             Slain by a worm (6 damage)
             ... on level 2 of the Dungeon.
             The game lasted 00:01:27 (1295 turns).

Gingerlord the Skirmisher (Draconian Skald)         Turns: 1295, Time: 00:01:28

Health: 0/46       AC: 21    Str: 14    XL:     3   Next: 87%
Magic:  6/6        EV:  2    Int: 13    God:
Gold:   136        SH:  0    Dex: 10    Spells: 5/6 levels left

rFire    . . .     SeeInvis .   a - +0 hand axe
rCold    . . .     Gourm    .   (no shield)
rNeg     + + +     Faith    .   (armour unavailable)
rPois    +         Spirit   .   (helmet currently unavailable)
rElec    .         Reflect  .   (cloak currently unavailable)
rCorr    .         Harm     .   (gloves currently unavailable)
MR       .....     NoTele   +   (boots currently unavailable)
Stlth    +.........             (no amulet)
HPRegen  0.15/turn              (no ring)
MPRegen  0.10/turn              (no ring)

@: tree-form
A: unfitting armour, AC +5
a: no special abilities


You were on level 2 of the Dungeon.
You were not hungry.
You were a tree.
You visited 1 branch of the dungeon, and saw 2 of its levels.

You collected 136 gold pieces.

Inventory:

Hand Weapons
 a - a +0 hand axe (weapon)
Scrolls
 b - 2 scrolls of remove curse {unknown}
 f - a scroll of teleportation {unknown}
 k - 3 scrolls of noise {unknown}
 l - a scroll of identify {unknown}
 m - a scroll of amnesia {unknown}
Potions
 d - a potion of lignification
 e - a potion of ambrosia {unknown}
 g - a potion of invisibility {unknown}
 h - 2 potions of curing {unknown}
 i - a potion of flight {unknown}
Comestibles
 c - 4 rations


   Skills:
 + Level 3.2 Fighting
 + Level 2.9 Axes
 + Level 2.9 Dodging
 - Level 2.0 Spellcasting
 - Level 2.6 Charms


You had 5 spell levels left.
You knew the following spells:

 Your Spells              Type           Power        Failure   Level  Hunger
a - Infusion              Chrm           #...         9%          1    ##.....

Your spell library contained the following spells:

 Spells                   Type           Power        Failure   Level  Hunger
 Song of Slaying          Chrm           #.......     13%         2    ###....
 Shroud of Golubria       Chrm/Tloc      #.........   22%         2    ###....
 Regeneration             Chrm/Necr      #.........   41%         3    ####...
 Spectral Weapon          Hex/Chrm       #.......     41%         3    ####...


Dungeon Overview and Level Annotations

Branches:
Dungeon (2/15)

Altars:


Innate Abilities, Weirdness & Mutations

((Your plain brown scales are hard. (AC +5)))
You cannot fit into any form of body armour.
((You are cold-blooded and may be slowed by cold attacks.))


Message History

The worm is severely wounded.
The worm bites you but does no damage.
You hit the worm but do no damage.
The worm is severely wounded.
You hit the worm. The worm barely misses you.
You hit the worm.
The worm is almost dead.
You barely miss the worm. The worm bites you but does no damage.
You hit the worm.
The worm is almost dead.
You hit the worm. The worm bites you!
* * * LOW HITPOINT WARNING * * *
The worm bites you but does no damage.
You barely miss the worm.
The worm is severely wounded.
You hit the worm. The worm bites you but does no damage.
You hit the worm.
You kill the worm!
You hit the worm. The worm bites you.
You die...

#..# #..# #..# #..#
#..# #..# # #..# .# #
#####..#####..#..# #.
#........♣......# #.
#.##......w).###.#
###.####.##...#######
..............#
.........######
##....#######
###.........#
.....######.#
###.).......#


You could see a worm.

Vanquished Creatures
  3 adders
  A worm (D:2)
  A dart slug (D:1)
  A ball python (D:1)
  3 giant cockroaches (D:1)
  4 goblins
  5 jackals (D:1)
  3 kobolds
  A bat (D:1)
  5 frilled lizards
  6 rats (D:1)
33 creatures vanquished.

Notes
Turn   | Place    | Note
-------+----------+-------------------------------------------
     0 | D:1      | Gingerlord the Draconian Skald began the quest for the Orb.
     0 | D:1      | Reached XP level 1. HP: 17/17 MP: 3/3
   335 | D:1      | Reached XP level 2. HP: 25/25 MP: 5/5
  1014 | D:1      | Reached XP level 3. HP: 25/30 MP: 6/6
  1082 | D:2      | Reached skill level 3 in Fighting
  1295 | D:2      | Slain by a worm

Skill      XL: |  1  2  3 |
---------------+----------+-----
Fighting       | 3 |  3.2
Axes           | |  2.9
Dodging        | |  2.9
Spellcasting   | |  2.0
Charms         | |  2.6

Action                   || total
-------------------------++-------
Melee: Hand axe          ||   125
       Tailslap          ||     9
  Use: Potion            ||     1
  Eat: Chunk             ||     1
Armor: Skin              ||    49
Dodge: Dodged            ||   107
